 Dungeon Crawl Stone Soup version 0.30-b1-2-g02819fbbbe (webtiles) character file.

Game seed: 1735514464150055783

12 Alarkh the Charlatan (level 2, 22/22 HPs)
             Began as a Demonspawn Artificer on July 11, 2023.
             Got out of the dungeon alive.
             The game lasted 00:00:24 (367 turns).

Alarkh the Charlatan (Demonspawn Artificer)          Turns: 367, Time: 00:00:24

Health: 22/22      AC:  8    Str: 12    XL:     2   Next: 20%
Magic:  2/2        EV: 10    Int: 12    God:
Gold:   17         SH:  0    Dex: 13    Spells: 1/1 levels left

rFire   . . .        a - +0 club
rCold   . . .        (no shield)
rNeg    . . .        h - +0 ring mail
rPois   .            (no helmet)
rElec   .            (no cloak)
rCorr   .            (no gloves)
SInv    .            f - +0 pair of boots
Will    .....        (no amulet)
Stlth   +            (no ring)
HPRegen 0.23/turn    (no ring)
MPRegen 0.08/turn

%: no passive effects
@: no status effects
A: slimy green scales 1
a: no special abilities


You escaped.
You visited 1 branch of the dungeon, and saw 1 of its levels.

You collected 17 gold pieces.

Inventory:

Hand Weapons
 a - a +0 club (weapon)
Armour
 b - a +0 leather armour
 f - a +0 pair of boots (worn)
 h - a +0 ring mail (worn)
Wands
 c - a wand of flame (15) (quivered)
 d - a wand of charming (15)
 e - a wand of iceblast (5)
Scrolls
 i - a scroll of enchant weapon {unknown}
Potions
 g - a potion of might {unknown}


   Skills:
 + Level 2.3 Fighting
 - Level 1.7 Armour
 - Level 0.8 Dodging
 - Level 0.8 Stealth
 - Level 3.0 Evocations


You had one spell level left.
You didn't know any spells.
Your spell library was empty.

Dungeon Overview and Level Annotations

Branches:
Dungeon (1/15)

Altars:


Innate Abilities, Weirdness & Mutations

You are partially covered in slimy green scales. (AC +2)


Message History

The kobold misses you.
You miss the kobold.
The kobold is moderately wounded.
The frilled lizard barely misses you. The kobold barely misses you.
The kobold hits you but does no damage. The frilled lizard barely misses you.
You hit the kobold.
The kobold is severely wounded.
The frilled lizard misses you. The kobold hits you but does no damage.
You miss the kobold.
The kobold is severely wounded.
The frilled lizard bites you but does no damage.
The kobold hits you but does no damage.
You hit the kobold.
You kill the kobold!
The frilled lizard bites you but does no damage.
You miss the frilled lizard. The frilled lizard barely misses you.
The frilled lizard closely misses you.
You hit the frilled lizard.
You kill the frilled lizard!
No target in view!
No target in view!
No target in view!
No target in view!
No target in view!
No target in view!
No target in view!
No target in view!
No target in view!
No target in view!
No target in view!
No target in view!
No target in view!
Unknown command.
You see here a +0 dagger.
There is an open door here.
There is a dry fountain here.
There is a fountain of clear blue water here.
There is a staircase leading out of the dungeon here.
Are you sure you want to leave the Dungeon?
This will make you lose the game!
You have escaped!

...'..... ##.###.###.#######[.##.
... ....# #...#...#...# ###..###
... #...# #.⌠.#.⌠.#.⌠.# #.......
... #...# #...#...#...####.......
... #...# ##.###.###.##.........>
... #...# #.# #.# #.##.##.......
..†##...####.###.###.##.##.......
...')....##...#...#...#.##.......
...##.##..'.⌠.#.@...⌠.#.##.......
... #.#####...#...#...#.##.......
.## #.# #############.######### .
#.# ######.#
.####.############......#
...........#............#
.#.........'............#
#.........#............#
#.......).####'#.......#


There were no monsters in sight!

Vanquished Creatures
  A dart slug (D:1)
  A goblin (D:1)
  3 hobgoblins (D:1)
  A ball python (D:1)
  2 bats (D:1)
  A frilled lizard (D:1)
  A kobold (D:1)
10 creatures vanquished.

Notes
Turn   | Place    | Note
-------+----------+-------------------------------------------
     0 | D:1      | Alarkh the Demonspawn Artificer began the quest for the
                  | Orb.
     0 | D:1      | Reached XP level 1. HP: 15/15 MP: 1/1
   236 | D:1      | Gained mutation: You are partially covered in slimy green
                  | scales. (AC +2) [demonic ancestry]
   236 | D:1      | Reached XP level 2. HP: 19/22 MP: 2/2
   367 | D:$      | Got out of the dungeon alive.

Illustrated notes

Levels and vault maps discovered:
D:1:      minmay_arrival_nine_rooms, layout_basic, ebering_ecumenical_altar_box,
          serial_bayou_pond_c

Skill      XL: |  1 |
---------------+----+-----
Fighting       | 2 |  2.3
Armour         | |  1.7
Dodging        | |  0.8
Stealth        | |  0.8
Evocations     | |  3.0

Action                     || total
---------------------------++-------
  Melee: Club              ||    55
         Punch             ||     1
 Armour: Leather armour    ||     7
         Ring mail         ||    24
  Dodge: Dodged            ||    53
